 Dungeon Crawl Stone Soup version 0.30-a0-738-g116ff8c4af (webtiles) character file.

Game seed: 17265501125141334113

46 mopl the Shooter (level 3, 0/26 HPs)
             Began as a Barachi Hexslinger on Feb 3, 2023.
             Slain by a gnoll
             ... wielding a +0 whip
              (8 damage)
             ... on level 1 of the Dungeon.
             The game lasted 00:02:20 (864 turns).

mopl the Shooter (Barachi Hexslinger)                Turns: 864, Time: 00:02:21

Health: 0/26       AC:  2    Str: 13    XL:     3   Next: 66%
Magic:  2/4        EV: 12    Int: 13    God:
Gold:   76         SH:  0    Dex: 12    Spells: 3/4 levels left

rFire   . . .      SeeInvis .    a - +1 sling
rCold   . . .      Faith    .    (no shield)
rNeg    . . .      Spirit   .    c - +0 robe
rPois   .          Reflect  .    (no helmet)
rElec   .          Harm     .    (no cloak)
rCorr   .          Rampage  .    (no gloves)
Will    .....                    (no boots)
Stlth   +                        (no amulet)
HPRegen 0.24/turn                (no ring)
MPRegen 0.09/turn                (no ring)

@: slow
A: amphibious, slowness 1, strong legs 1, +LOS
a: Hop


You were on level 1 of the Dungeon.
You visited 1 branch of the dungeon, and saw 2 of its levels.

You collected 76 gold pieces.

Inventory:

Hand Weapons
 a - a +1 sling (weapon)
 b - a +2 dagger of venom
Armour
 c - a +0 robe (worn)
Scrolls
 d - a scroll of poison
Potions
 f - 2 potions of heal wounds {unknown}
 g - a potion of curing {unknown}


   Skills:
 - Level 1.2 Fighting
 * Level 3.9 Ranged Weapons
 - Level 2.1 Dodging
 - Level 1.1 Spellcasting
 - Level 3.2 Hexes


You had 3 spell levels left.
You knew the following spells:

 Your Spells              Type           Power      Damage    Failure   Level
a - Slow                  Hex            36%        N/A       8%          1

Your spell library contained the following spells:

 Spells                   Type           Power      Damage    Failure   Level
 Beastly Appendage        Tmut           0%         N/A       28%         1
 Wereblood                Tmut           0%         N/A       38%         2
 Inner Flame              Hex/Fire       4%         N/A       38%         3
 Portal Projectile        Hex/Tloc       8%         N/A       38%         3
 Spider Form              Tmut/Pois      0%         N/A       63%         3
 Cause Fear               Hex            4%         N/A       58%         4


Dungeon Overview and Level Annotations

Branches:
Dungeon (2/15)

Altars:


Innate Abilities, Weirdness & Mutations

You are amphibious.
You cover ground slowly.
You can hop short distances.
You have an extended range of vision and can be seen from far away.


Message History

Fire: a) +1 sling
Press: ? - help, Shift-Dir - straight line, f/p - gnoll
Aim: a gnoll, wielding a +0 whip (heavily wounded, 60% to hit)
You shoot a sling bullet.
The sling bullet hits the gnoll but does no damage.
The gnoll is heavily wounded.
You are ready to hop once more.
The gnoll barely misses you. x2
Unknown command.
Throw: 2 darts (curare)
Press: ? - help, Shift-Dir - straight line, f/p - gnoll
Aim: a gnoll, wielding a +0 whip (heavily wounded, 60% to hit)
You throw a curare-tipped dart.
The curare-tipped dart completely misses the gnoll.
The curare-tipped dart barely misses the gnoll.
The gnoll barely misses you.
Throw: dart (curare)
Press: ? - help, Shift-Dir - straight line, f/p - gnoll
Aim: a gnoll, wielding a +0 whip (heavily wounded, 60% to hit)
You throw a curare-tipped dart.
The curare-tipped dart closely misses the gnoll.
The curare-tipped dart hits the gnoll.
The gnoll is poisoned.
The gnoll convulses.
The gnoll seems to slow down.
The gnoll is moderately wounded.
The gnoll barely misses you.
You are too injured to fight recklessly!
Fire: a) +1 sling
Press: ? - help, Shift-Dir - straight line, f/p - gnoll
Aim: a gnoll, wielding a +0 whip (heavily wounded, 60% to hit)
You shoot a sling bullet. The sling bullet hits the gnoll.
The gnoll is heavily wounded.
The gnoll closely misses you.
Fire: a) +1 sling
Press: ? - help, Shift-Dir - straight line, f/p - gnoll
Aim: a gnoll, wielding a +0 whip (heavily wounded, 60% to hit)
You shoot a sling bullet. The sling bullet hits the gnoll.
The gnoll is severely wounded.
The gnoll hits you with a +0 whip!
You die...

....###..# #.# #.#+##
###.####.###.####.#.#
......).........#.#.#
..######...#........#############
..# ###...##.#................
..# ###....#...############# ..#
###...........# ..# ##.##..####.#
..# #.@gg(# #.# ..# ####..# #.#
### #..####.######
###............#
##.....>.#.####.# #..####..#.#
#.# #.#####'##.# #.# #.'.....##.#
#.# ###.###.##.####.#


You could see 2 gnolls.

Vanquished Creatures
  2 dart slugs (D:1)
  3 ball pythons (D:1)
  5 endoplasms (D:1)
  A giant cockroach (D:1)
  5 goblins (D:1)
  7 hobgoblins (D:1)
  5 kobolds (D:1)
  2 quokkas (D:1)
  3 bats (D:1)
  2 rats (D:1)
35 creatures vanquished.

Vanquished Creatures (others)
  4 plants (D:1)
4 creatures vanquished.

Grand Total: 39 creatures vanquished

Notes
Turn   | Place    | Note
-------+----------+-------------------------------------------
     0 | D:1      | mopl the Barachi Hexslinger began the quest for the Orb.
     0 | D:1      | Reached XP level 1. HP: 15/15 MP: 2/2
    69 | D:1      | Reached XP level 2. HP: 21/21 MP: 3/3
   110 | D:1      | Reached skill level 3 in Ranged Weapons
   169 | D:1      | Reached XP level 3. HP: 25/26 MP: 4/4
   864 | D:1      | Slain by a gnoll

Illustrated notes

Levels and vault maps discovered:
D:1:      scummos_arrival_hexagon, layout_basic, serial_bayou_lagoon_a,
          minmay_misc_feat_encased
D:2:      layout_loops_ring, minmay_ruptured, uniq_jessica, uniq_robin

Skill      XL: |  1  2 |
---------------+-------+-----
Ranged Weapons | 3 |  3.9
Fighting       | |  1.2
Dodging        | |  2.1
Spellcasting   | |  1.1
Hexes          | |  3.2

Action                     || total
---------------------------++-------
   Fire: Sling             ||   119
  Throw: Dart              ||     2
   Cast: Slow              ||     3
Ability: Hop               ||     1
 Armour: Robe              ||     8
  Dodge: Dodged            ||    37

Table legend: (Time is in decaauts)
 A = Elapsed time spent in this place.
 B = Non-inter-level travel time spent in this place.
 C = Inter-level travel time spent in this place.
 D = Time resting spent in this place.
 E = Time spent auto-exploring this place.
 F = Levels seen in this place.
 G = Mean time per level.
                   A        B        C        D        E       F      G
               +--------+--------+--------+--------+--------+-----+--------+
         Total |   1034 |   1011 |     23 |      0 |    786 |   2 |  517.0 |
       Dungeon |   1034 |   1011 |     23 |      0 |    786 |   2 |  517.0 |
               +--------+--------+--------+--------+--------+-----+--------+

Top non-repeatable levels by time:
     D:1: 1030 daAuts
     D:2: 4 daAuts
